 Dungeon Crawl Stone Soup version 0.23.2-1-ga50397a (webtiles) character file.

Game seed: 11309901154453448461

97 Madgibble the Firebug (level 4, -6/33 HPs)
             Began as a Centaur Fire Elementalist on May 12, 2019.
             Killed by divine providence
             ... invoked by an orc priest
              (15 damage)
             ... on level 3 of the Dungeon.
             The game lasted 00:12:34 (2333 turns).

Madgibble the Firebug (Centaur Fire Elementalist)   Turns: 2333, Time: 00:12:35

Health: -6/33      AC:  6    Str: 11    XL:     4   Next: 42%
Magic:  2/7        EV:  9    Int: 15    God:
Gold:   131        SH:  0    Dex:  9    Spells: 3/7 levels left

rFire    . . .     SeeInvis .   q - +2 flail (drain)
rCold    . . .     Gourm    .   (no shield)
rNeg     . . .     Faith    .   a - +0 robe
rPois    .         Spirit   .   (no helmet)
rElec    .         Reflect  .   d - +0 cloak
rCorr    .         Harm     .   i - +0 pair of gloves
MR       .....                  (no barding)
Stlth    +.........             (no amulet)
HPRegen  0.11/turn              (no ring)
MPRegen  0.10/turn              (no ring)

@: very quick
A: large, hooves 3, deformed body, speed 2, tough skin 3
a: no special abilities


You were on level 3 of the Dungeon.
You were not hungry.

You visited 1 branch of the dungeon, and saw 3 of its levels.

You collected 131 gold pieces.

Inventory:

Hand Weapons
 q - a +2 flail of draining (weapon)
Armour
 a - a +0 robe (worn)
 d - a +0 cloak (worn)
 i - a +0 pair of gloves (worn)
Scrolls
 b - 4 scrolls of remove curse {unknown}
 f - a scroll of enchant armour {unknown}
 g - a scroll of teleportation {unknown}
 h - a scroll of enchant weapon {unknown}
 k - a scroll of amnesia {unknown}
 o - 4 scrolls of identify {unknown}
 r - a scroll of magic mapping {unknown}
Potions
 e - a potion of brilliance {unknown}
 j - a potion of degeneration {unknown}
 l - 4 potions of curing {unknown}
 m - a potion of mutation {unknown}
 n - a potion of cancellation {unknown}
 p - a potion of resistance {unknown}
 s - 2 potions of might {unknown}
Comestibles
 c - 3 rations


   Skills:
 - Level 1.3 Dodging
 - Level 1.1 Stealth
 + Level 2.4 Spellcasting
 + Level 2.3 Conjurations
 + Level 3.5 Fire Magic


You had 3 spell levels left.
You knew the following spells:

 Your Spells              Type           Power        Failure   Level  Hunger
a - Flame Tongue          Conj/Fire      ##...        6%          1    #......
b - Conjure Flame         Conj/Fire      ##......     19%         3    ###....

Your spell library contained the following spells:

 Spells                   Type           Power        Failure   Level  Hunger
 Throw Flame              Conj/Fire      ##....       10%         2    ###....
 Inner Flame              Hex/Fire       #.......     30%         3    ###....
 Sticky Flame             Conj/Fire      ##......     54%         4    #####..
 Fireball                 Conj/Fire      ##........   87%         5    ######.


Dungeon Overview and Level Annotations

Branches:
Dungeon (3/15)

Altars:


Innate Abilities, Weirdness & Mutations

You have hooves in place of feet.
Armour fits poorly on your strangely shaped body.
You cover ground very quickly.
You have extremely tough skin. (AC +3)


Message History

Casting: Flame Tongue (safe; 6% risk of failure)
Confirm with . or Enter, or press ? or * to list all spells.
Aiming: Flame Tongue (safe; 6% risk of failure)
Press: ? - help, Shift-Dir - straight line, f/p - gnoll
Aim: a gnoll, wielding a +0 whip The flame tongue hits the gnoll but does no damage.
Your magical contamination has completely faded away.
Casting: Flame Tongue (safe; 6% risk of failure)
Confirm with . or Enter, or press ? or * to list all spells.
Aiming: Flame Tongue (safe; 6% risk of failure)
Press: ? - help, Shift-Dir - straight line, f/p - gnoll
Aim: a gnoll, wielding a +0 whip The flame tongue hits the gnoll.
The gnoll is lightly wounded.
The orc shouts!
You hear a shout!
The orc shouts!
The orc priest shouts!
The orc priest mumbles some strange prayers to Beogh against you.
Beogh smites you!
You die...

.....o......r<.#
..........o.........#
...#.$..o.....###..#
##...##........# #
##..#.#.........###.#
##..##.o.##...###..(.#
#..#o.......#.# ....#
##.#g.#g.....#.# ....#
#####....#...###@#.
....# ......g##....#
#...###....#
###....##.g###
###........#
##......g## #.#.)...#
#........# #......##
##....#...# #..###..#
#....#<#..# #..# .#
......#...# ##g####...
.##.......#
###g......###


You could see 2 orc priests, a gnoll and 2 orcs.

Vanquished Creatures
  4 adders (D:2)
  An ooze (D:2)
  2 worms
  3 dart slugs
  A leopard gecko (D:1)
  A giant cockroach (D:1)
  6 hobgoblins
  8 jackals
  3 kobolds
  A quokka (D:2)
  A ball python (D:2)
  2 bats
  4 frilled lizards
  4 goblins
  4 rats
45 creatures vanquished.

Notes
Turn   | Place    | Note
-------+----------+-------------------------------------------
     0 | D:1      | Madgibble the Centaur Fire Elementalist began the quest for
                  | the Orb.
     0 | D:1      | Reached XP level 1. HP: 14/14 MP: 3/3
    27 | D:1      | Reached skill level 1 in Conjurations
   290 | D:1      | Reached XP level 2. HP: 20/20 MP: 1/4
   447 | D:1      | Reached skill level 3 in Fire Magic
   884 | D:1      | Reached XP level 3. HP: 20/26 MP: 1/6
  1333 | D:2      | Learned a level 3 spell: Conjure Flame
  1361 | D:2      | Reached XP level 4. HP: 19/33 MP: 3/7
  2333 | D:3      | Killed from afar by an orc priest

Skill      XL: |  1  2  3 |
---------------+----------+-----
Conjurations   | 1 2 |  2.3
Fire Magic     | 3 |  3.5
Spellcasting   | 2 |  2.4
Dodging        | |  1.3
Stealth        | |  1.1

Action                   |  1- 3 |  4- 6 || total
-------------------------+-------+-------++-------
Melee: Unarmed           |     8 |       ||     8
       Kick              |    13 |     3 ||    16
       Mace              |    18 |       ||    18
       Club              |     9 |       ||     9
       Dagger            |     3 |       ||     3
       Flail             |    37 |    17 ||    54
 Cast: Flame Tongue      |    32 |    21 ||    53
       Conjure Flame     |       |     1 ||     1
  Eat: Chunk             |     1 |     3 ||     4
Armor: Robe              |    49 |     4 ||    53
Dodge: Dodged            |    51 |    12 ||    63
